 Dungeon Crawl Stone Soup version 0.30-a0-137-gd8773701ce (webtiles) character file.

Game seed: 3567002240014683121

374220 Flugkiller the Sorcerer (level 23, -16/215 HPs)
             Began as a Djinni Hedge Wizard on Sept 22, 2022.
             Was the Champion of Uskayaw.
             Demolished by an ettin
             ... wielding a +0 dire flail
              (29 damage)
             ... on level 1 of the Depths.
             The game lasted 02:05:14 (53171 turns).

Flugkiller the Sorcerer (Djinni Hedge Wizard)      Turns: 53171, Time: 02:05:14

Health: -16/215    AC: 39    Str: 10 (11) XL:     23   Next: 80%
Gold:   3393       EV: 27    Int: 28      God:    Uskayaw [******] SH:  4 Dex: 16

rFire   + + .      SeeInvis .      - Unarmed
rCold   . . .      Faith    .    s - +1 buckler {rC+}
rNeg    + . .      Spirit   .    (body armour currently unavailable)
rPois   ∞          Reflect  .    (helmet restricted)
rElec   +          Harm     .    g - +2 cloak {rCorr}
rCorr   +          Rampage  .    (gloves currently unavailable)
Will    ++...                    (boots unavailable)
Stlth   ++........               T - amulet of Mooweama {RegenMP Regen+}
HPRegen 1.25/turn                Y - +6 ring of intelligence
MPRegen 0.00/turn                b - ring of the Hare {EV+8}

@: statue-form, flying, very slow
A: slow and powerful, torment resistance 1, flying, boosted hp, sickness
immunity, fire resistance 2, cold vulnerability 1, float, innate caster, HP
casting, extra vitality 1, horns 1, deterioration 1, wild magic 1
}: 2/15 runes: decaying, serpentine
a: End Transformation, Renounce Religion, Stomp, Line Pass, Grand Finale


You were on level 1 of the Depths.
You worshipped Uskayaw.
Uskayaw was pleased with you.
You were a living statue of rough stone.
You visited 9 branches of the dungeon, and saw 40 of its levels.
You visited 1 bazaar.
You also visited: Sewer, Ossuary, Bailey, Gauntlet and Ice Cave.

You collected 5883 gold pieces.
You spent 2490 gold pieces at shops.

Inventory:

Missiles
 y - 15 curare-tipped darts (quivered)
 J - 5 throwing nets
Armour
 g - a +2 cloak of preservation (worn)
   (You found it in a Gauntlet)
 k - the +0 kite shield of the Blue Tick {rC+ SInv}
   (You took it off Donald on level 1 of the Vaults)

   rC:        It protects you from cold.
   SInv:      It lets you see invisible.
 l - a +4 troll leather armour (melded) {Snorg}
   (You found it on level 2 of the Orcish Mines)
 s - a +1 buckler of cold resistance (worn)
   (You found it in an ice cave)
 I - the +0 robe of Zealous Creativity {Slay+3 Archmagi}
   (You found it on level 2 of the Snake Pit)

   Slay:      It affects your accuracy & damage with ranged weapons and melee
   (+3).
   Archmagi:  It increases the power of your magical spells.
 R - the +3 pair of gauntlets of War (melded) {Slay+5}
   (You found it on level 8 of the Dungeon)

   Slay:      It affects your accuracy & damage with ranged weapons and melee
   (+5).
Magical Staves
 a - a staff of earth
   (You acquired it on level 3 of the Dungeon)
Jewellery
 b - the ring of the Hare (right fist) {EV+8}
   (You bought it in a shop on level 2 of the Orcish Mines)

   [ring of evasion]

   EV:        It affects your evasion (+8).
 c - the ring "Azec" {rPois rF+ rC++ Str-4}
   (You bought it in a shop on level 2 of the Orcish Mines)

   [ring of poison resistance]

   Str:       It affects your strength (-4).
   rF:        It protects you from fire.
   rC:        It greatly protects you from cold.
   rPois:     It protects you from poison.
 f - a ring of protection from fire
   (You found it on level 6 of the Dungeon)
 i - a ring of see invisible
   (You found it on level 5 of the Lair of Beasts)
 j - a +4 ring of slaying
   (You found it on level 3 of the Vaults)
 m - a ring of willpower
   (You found it on level 10 of the Dungeon)
 p - a ring of protection from fire
   (You found it on level 1 of the Swamp)
 Q - a +6 ring of intelligence
   (You took it off a deep elf death mage on level 3 of the Elven Halls)
 T - the amulet of Mooweama (around neck) {RegenMP Regen+}
   (You took it off a deep elf archer on level 3 of the Elven Halls)

   [amulet of magic regeneration]

   It increases your rate of magic regeneration.
   Regen:     It increases your rate of health regeneration.
 Y - a +6 ring of intelligence (left fist)
   (You found it in a Gauntlet)
Wands
 e - a wand of digging (16)
   (You took it off Robin on level 2 of the Dungeon)
 C - a wand of light (3)
   (You found it on level 3 of the Dungeon)
 E - a wand of paralysis (60)
   (You found it on level 4 of the Dungeon)
 G - a wand of roots (17)
   (You took it off Grum on level 10 of the Dungeon)
 M - a wand of mindburst (29)
   (You found it on level 6 of the Dungeon)
 N - a wand of polymorph (8)
   (You found it on level 4 of the Snake Pit)
Scrolls
 r - 25 scrolls of identify
 t - 17 scrolls of teleportation
 v - a scroll of summoning
 z - 12 scrolls of blinking
 A - 10 scrolls of vulnerability
 D - 7 scrolls of magic mapping
 H - 6 scrolls of enchant armour
 K - 6 scrolls of poison
 O - 6 scrolls of butterflies
 P - 10 scrolls of fear
 U - 8 scrolls of immolation
Potions
 d - 9 potions of might
 h - 8 potions of haste
 n - 4 potions of resistance
 o - 13 potions of attraction
 q - 15 potions of curing
 w - 6 potions of heal wounds
 x - 12 potions of brilliance
 B - 2 potions of invisibility
 F - 9 potions of mutation
 V - 5 potions of ambrosia
 W - 3 potions of cancellation
Miscellaneous
 u - a phantom mirror
   (You found it in an ice cave)
 L - a phial of floods
   (You found it on level 3 of the Elven Halls)
 S - a condenser vane
   (You found it on level 8 of the Dungeon)
 X - a lightning rod (4/4)
   (You found it on level 10 of the Dungeon)
 Z - a tin of tremorstones (2/2)
   (You found it in a Gauntlet)


   Skills:
 - Level 15.0 Fighting
 - Level 14.0 Dodging
 - Level 1.5 Stealth
 - Level 15.0 Unarmed Combat
 + Level 22.5 Spellcasting
 - Level 14.0 Invocations
 - Level 6.0 Evocations


You had 2 spell levels left.
You knew the following spells:

 Your Spells              Type           Power      Damage    Failure   Level
a - Magic Dart            Conj           100%       1d8       1%          1
b - Slow                  Hex            100%       N/A       1%          1
c - Call Imp              Summ           100%       N/A       1%          2
d - Cigotuvi's Dreadful   Necr/Pois/Air  100%       N/A       1%          2
e - Mephitic Cloud        Conj/Pois/Air  100%       N/A       1%          3
f - Sting                 Tmut/Pois      100%       1d8       1%          1
g - Scorch                Fire           100%       2d10      1%          2
h - Call Canine Familiar  Summ           100%       N/A       1%          3
i - Ice Form              Ice/Tmut       100%       N/A       1%          4
j - Lee's Rapid Deconstr  Erth           58%        3d28*     1%          5
k - Yara's Violent Unrav  Hex/Tmut       58%        3d22      1%          5
l - Statue Form           Tmut/Erth      78%        N/A       1%          6
m - Malign Gateway        Summ/Tloc      58%        N/A       1%          7
n - Monstrous Menagerie   Summ           58%        N/A       1%          7
o - Dragon Form           Tmut           58%        N/A       1%          7
p - Orb of Destruction    Conj           58%        9d14      1%          7
r - Blink                 Tloc           100%       N/A       1%          2
Your spell library was empty.

Dungeon Overview and Level Annotations

Branches:
Dungeon (15/15) Zot: 25105  Temple (1/1) D:4 Zot: 5998    Lair (5/5) D:9 Zot: 21300
  Swamp (4/4) Lair:3 Zot: 20374   Snake (4/4) Lair:2 Zot: 19160   Slime (0/5) Lair:4
    Orc (2/2) D:10 Zot: 10119     Elf (3/3) Orc:2 Zot: 14026  Vaults (5/5) D:13 Zot: 24460
  Crypt (0/3) Vaults:3     Depths (1/4) D:15 Zot: 5929   Sewer (visited)
Ossuary (visited)          Bailey (visited)           IceCv (visited)
Gauntlet (visited)

Altars:
Ashenzari
Cheibriados
Dithmenos
Elyvilon
Fedhas
Gozag
Hepliaklqana
Makhleb
Nemelex Xobeh
Okawaru
Qazlal
Ru
Trog
Uskayaw
Wu Jian
Xom
Yredelemnul
Zin
The Shining One
Jiyva

Shops:
D:3 ?   D:13 (   Orc:2 ([=*   Elf:3 *   Vaults:2 =[(*   Vaults:4 [

Portals:
Trove: D:14 (give 12 potions of heal wounds)

Annotations:
D:14 exclusion: oklob plant
Lair:4 2 transporters, Atont's ghost, journeyman DDFi
Elf:2 3 runed translucent doors


Innate Abilities, Weirdness & Mutations

You are a living statue of rough stone.
Your actions are slow, but your melee attacks are powerful.
You are resistant to unholy torment.
You are flying.
Your maximum health is greatly increased.
Your equipment is partially melded.
You are immune to sickness and miasma.
You are immune to poison.
Your flesh is very heat resistant. (rF++)
You are vulnerable to cold. (rC-)
You float through the air rather than walking.
You learn spells naturally, not from books.
Your magical power is your life essence.
You have superior vitality. (+4 MHP)
You have a pair of small horns on your head.
Your body sometimes deteriorates upon taking damage.
Your spells are a little harder to cast, but a little more powerful.


Message History

The blast of rock fragments hits the necromancer!!!
You kill the necromancer!
The blast of rock fragments hits the rakshasa!!!
The wizard simulacrum vaporises!
The rakshasa is almost dead.
* * * LOW HITPOINT WARNING * * *
The injured rakshasa weaves a defensive illusion!
The hell knight is no longer sharing its pain.
The rakshasa blinks! x2; The rakshasa misses you.
An ettin comes into view.
It is wielding a +0 dire flail and a +0 great mace.
Casting: Lee's Rapid Deconstruction (safe; 1% risk of failure)
Confirm with . or Enter, or press ? or * to list all spells.
Aiming: Lee's Rapid Deconstruction (safe; 1% risk of failure)
Press: ? - help, Dir - move target A rock wall.
The wall shatters!
The blast of rock fragments hits the rakshasa!!!
You kill the rakshasa!
The rakshasa shimmers and vanishes!
You kill the rakshasa!
The rakshasa shimmers and vanishes!
* * * LOW HITPOINT WARNING * * *
Casting: Lee's Rapid Deconstruction (safe; 1% risk of failure)
Confirm with . or Enter, or press ? or * to list all spells.
Aiming: Lee's Rapid Deconstruction (safe; 1% risk of failure)
Press: ? - help, Dir - move target A rock wall.
The wall shatters!
The blast of rock fragments hits the hell knight!!!
You kill the hell knight!
* * * LOW HITPOINT WARNING * * *
A freezing mist starts to gather...
A hell knight simulacrum comes into view.
Casting: Lee's Rapid Deconstruction (safe; 1% risk of failure)
Confirm with . or Enter, or press ? or * to list all spells.
Aiming: Lee's Rapid Deconstruction (safe; 1% risk of failure)
Press: ? - help, Dir - move target, f - hell knight simulacrum Fragment what (e.g. wall or brittle monster)?: a hell knight simulacrum The hell knight simulacrum shatters!!!
The hell knight simulacrum vaporises!
* * * LOW HITPOINT WARNING * * *
A floating eye comes into view.
Casting: Lee's Rapid Deconstruction (safe; 1% risk of failure)
Confirm with . or Enter, or press ? or * to list all spells.
Aiming: Lee's Rapid Deconstruction (safe; 1% risk of failure)
Press: ? - help, Dir - move target A rock wall.
The wall shatters!
The blast of rock fragments hits the hell knight!!
The hell knight is almost dead.
The blast of rock fragments hits the ettin.
The ettin is lightly wounded.
* * * LOW HITPOINT WARNING * * *
The hell knight mumbles some strange prayers to its god.
The hell knight blinks!
A rakshasa comes into view. It is wielding a +0 whip.
The floating eye's stare focuses on you.
Casting: Lee's Rapid Deconstruction (safe; 1% risk of failure)
Confirm with . or Enter, or press ? or * to list all spells.
Aiming: Lee's Rapid Deconstruction (safe; 1% risk of failure)
Press: ? - help, Dir - move target A rock wall.
The wall shatters!
The blast of rock fragments hits the ettin!!
The ettin is moderately wounded.
* * * LOW HITPOINT WARNING * * *
The hell knight mumbles some strange prayers to its god.
The hell knight blinks!
Aiming: Paralyse
Press: ? - help, Shift-Dir - straight line, f - ettin
Aim: an ettin, wielding a +0 dire flail and a +0 great mace (moderately wounded, soul bound, chance to affect: 47%)
The ettin resists with some effort.
An ice dragon comes into view.
The floating eye gazes piercingly through you!
You suddenly lose the ability to move!
The ettin completely misses you.
The ettin hits you with a +0 great mace!!
* * * LOW HITPOINT WARNING * * *
The floating eye seems to glare at you.
The rakshasa blinks!
The ettin hits you with a +0 dire flail.
* * * LOW HITPOINT WARNING * * *
The ettin hits you but does no damage.
The floating eye gazes piercingly through you!
You shrug off the repeated paralysis!
You can move again.
Unknown command.
Unknown command.
Unknown command.
Okay, then.
Unknown command.
Unknown command.
Unknown command.
Unknown command.
Unknown command.
As you read the scroll of fear, it crumbles to dust.
You assume a fearsome visage.
The floating eye looks frightened!
The ettin resists with some effort.
The ice dragon looks frightened! x3
The ettin barely misses you.
The ettin hits you with a +0 great mace!!
You die...

#...........
#...........
#...........
##..........
#...<.......
#........... ##
#..#........
#.##
#..#........ #8#
#†#u.D......
##C##
##.)........
#D###...........
##(##.#.........
##.###Z.......
##DG.........
##.R........
#.D........
#..........


You could see 3 ice dragons, an ettin (soul bound), a rakshasa and a floating
eye (fleeing).

Vanquished Creatures
  2 deep elf blademasters (Elf:3)
  2 quicksilver dragons (Snake:4)
  2 deep elf master archers (Elf:3)
  3 sphinxes
  Kirke (D:12)
  Donald (Vaults:1)
  3 nagarajas
  2 frost giants
  10 vault wardens
  2 deep elf sorcerers (Elf:3)
  Aizul (Snake:4)
  4 very ugly things
  2 orc warlords
  A war gargoyle (Vaults:3)
  3 deep elf elementalists (Elf:3)
  16 ironbound preservers
  A stone giant (Depths:1)
  4 ironbound thunderhulks
  Nessos (D:12)
  8 deep elf demonologists
  6 dire elephants
  A minotaur (Gauntlet)
  7 deep elf annihilators
  A crystal guardian (Vaults:2)
  2 ettins
  4 deep elf death magi
  Snorg (Orc:2)
  2 entropy weavers
  Fannar (D:12)
  3 deep elf high priests
  6 yaktaur captains
  11 hydras
  2 great orbs of eyes (Vaults:3)
  2 salamander tyrants
  A rakshasa (Depths:1)
  4 ironbound frosthearts
  Erica (Lair:2)
  An ogre mage (D:15)
  10 anacondas
  8 vault guards
  2 peacekeepers
  5 boulder beetles
  6 centaur warriors
  A death knight (D:10)
  2 alligators (Lair:3)
  10 two-headed ogres
  15 dancing weapons
  A deep troll earth mage (Elf:3)
  7 naga warriors
  4 tengu warriors
  12 death yaks
  A satyr (shapeshifter) (Elf:2)
  6 shock serpents
  6 naga sharpshooters
  Sonja (D:10)
  6 deep elf knights
  2 hell knights (Depths:1)
  Amaemon (Lair:2)
  An orc high priest (Orc:2)
  Nergalle (Lair:3)
  15 skeletal warriors
  A salamander mystic (Snake:3)
  45 deep trolls
  A death drake (shapeshifter) (D:15)
  13 deep elf archers
  5 naga ritualists
  An obsidian statue (Gauntlet)
  6 wizards
  14 orc knights
  7 ironbound convokers
  23 deep elf pyromancers
  2 lindwurms (Vaults:1)
  8 mana vipers
  6 necromancers
  19 deep elf zephyrmancers
  Pikel (D:5)
  A tengu skeleton (Vaults:2)
  2 orc sorcerers (Orc:2)
  5 cyclopes
  2 wolf spiders (Lair:5)
  29 ugly things
  3 manticores
  8 elephants
  A sphinx zombie (Vaults:4)
  A stone giant skeleton (Vaults:4)
  8 salamanders
  A centaur zombie (D:15)
  16 vault sentinels
  2 ice statues
  6 guardian serpents
  A rust devil (Gauntlet)
  4 naga magi
  56 black mambas
  15 cane toads
  Maggie (D:9)
  A gargoyle (D:8)
  An orange demon (Lair:2)
  2 unseen horrors
  A torpor snail (Lair:1)
  3 rime drakes
  11 komodo dragons
  Psyche (D:8)
  2 ice devils (Lair:1)
  32 yaktaurs
  2 tengu conjurers
  2 kobold demonologists
  A komodo dragon (shapeshifter) (Elf:1)
  A yaktaur zombie (Vaults:4)
  9 trolls
  A redback zombie (D:15)
  10 meliai
  26 polar bears
  6 hornets
  11 dream sheep (Lair:5)
  A raiju (shapeshifter) (D:14)
  A raiju (Lair:5)
  18 slime creatures
  2 fire giant simulacra
  14 blink frogs
  2 centaur simulacra
  4 air elementals
  Sigmund (D:3)
  A water elemental (Elf:3)
  2 ynoxinuls
  A shadow (D:15)
  71 yaks
  15 wyverns
  2 vampires
  3 fire elementals
  4 basilisks
  A wraith (D:11)
  A chaos spawn (Swamp:4)
  2 hogs (D:12)
  17 humans (D:13)
  Grum (D:10)
  3 redbacks
  10 vampire mosquitoes
  A redback simulacrum (D:14)
  9 wargs
  A harpy simulacrum (Lair:1)
  14 nagas
  An acid dragon (D:11)
  16 hell hounds (Lair:5)
  23 water moccasins
  A glowing shapeshifter skeleton (Vaults:4)
  12 black bears
  33 orc warriors
  2 ice beasts
  4 ogres
  56 wolves
  4 centaurs (D:11)
  A phantom (D:6)
  2 lemures (D:5)
  8 bullfrogs
  7 kobold brigands
  A gnoll sergeant (D:10)
  5 water moccasin zombies (Ossuary)
  4 earth elementals
  9 scorpions
  6 wights
  17 killer bees
  5 electric eels
  A howler monkey (D:12)
  2 crimson imps (D:9)
  5 hounds
  A human zombie (D:4)
  14 jellies
  12 orc priests
  2 iron imps (Gauntlet)
  2 gnoll boudas
  2 iguanas (D:6)
  2 human skeletons (D:4)
  Natasha (twice) (D:4)
  11 orc wizards
  2 hell rats (Lair:3)
  A spriggan simulacrum (Lair:1)
  3 troll simulacra (D:13)
  A wolf simulacrum (D:13)
  A boggart simulacrum (D:14)
  2 mummies (Ossuary)
  Robin (D:2)
  16 gnolls
  8 adders
  2 naga simulacra
  5 river rats (Sewer)
  2 shadow imps
  3 white imps
  2 ufetubi
  5 adder zombies (Ossuary)
  3 worms
  3 dart slugs
  61 orcs
  8 ball pythons
  6 endoplasms
  3 giant cockroaches
  A gnoll zombie (Ossuary)
  15 hobgoblins
  2 jackals (D:5)
  4 quokkas
  10 bats
  7 frilled lizards
  9 goblins
  2 hobgoblin zombies (Ossuary)
  49 kobolds
  8 kobold skeletons (D:9)
  13 kobold zombies
  2 orc skeletons (D:4)
  3 orc zombies (Ossuary)
  26 rats
1449 creatures vanquished.

Vanquished Creatures (collateral kills)
  A juggernaut (shapeshifter) (D:14)
  Frederick (Vaults:3)
  Frances (Swamp:1)
  A thorn hunter (Swamp:3)
  Roxanne (Swamp:4)
  3 fenstrider witches (Swamp:4)
  3 ghouls (Swamp:4)
  An orc warlord (Orc:2)
  4 eleionomae
  A deep elf demonologist (Elf:3)
  A reaper (Swamp:4)
  An ironbound thunderhulk (Vaults:4)
  The ghost of Amnesiac the Earth Mage, a journeyman MeEE of Vehumet (Orc:2)
  3 bunyips
  2 shambling mangroves (Swamp:3)
  A green death (Swamp:4)
  The ghost of Potemkin the Cleaver, a journeyman DsCK of Uskayaw (Orc:2)
  2 yaktaur captains
  A salamander tyrant (Snake:2)
  6 hydras
  An ogre mage (Swamp:4)
  An ironbound frostheart (Vaults:1)
  4 anacondas
  A boulder beetle (D:10)
  A two-headed ogre (D:9)
  A tengu warrior (D:14)
  10 alligators
  4 naga warriors
  4 orc high priests
  2 naga sharpshooters
  2 deep elf knights
  2 sixfirhies (Swamp:4)
  4 sea snakes (Snake:4)
  3 goliath frogs
  2 salamander mystics (Snake:2)
  A skeletal warrior (D:15)
  9 spriggan druids
  6 swamp dragons
  2 bog bodies
  An ironbound convoker (Vaults:3)
  2 naga ritualists (Snake:3)
  2 deep elf archers
  4 wizards
  8 deep trolls
  A mana viper (Snake:2)
  3 orc knights (Orc:2)
  3 lindwurms (Vaults:1)
  8 deep elf pyromancers
  A necromancer (Vaults:2)
  8 ugly things
  3 orc sorcerers
  6 will-o-the-wisps
  A cyclops (D:15)
  2 salamanders (Snake:2)
  A centaur zombie (D:15)
  2 vault sentinels (Vaults:3)
  2 orange demons (Swamp:4)
  5 naga magi
  10 black mambas
  A cane toad (Lair:1)
  2 rime drakes
  4 hellwings (Swamp:4)
  A yaktaur skeleton (Vaults:2)
  2 komodo dragons (Lair:1)
  A tengu conjurer (D:14)
  3 yaktaurs
  A troll (D:14)
  9 hornets
  9 tyrant leeches
  A meliai zombie (D:15)
  An elf zombie (Vaults:2)
  A shadow (D:9)
  A wraith (D:15)
  10 spriggans
  A vampire (D:11)
  4 yaks (D:9)
  A fire elemental (Elf:1)
  A hog (D:12)
  A chaos spawn (Swamp:4)
  2 neqoxecs (Swamp:4)
  A basilisk (Lair:3)
  2 steam dragons
  13 swamp worms
  9 nagas
  3 water moccasins
  2 human zombies (Vaults:4)
  11 orc warriors
  3 swamp drakes (Swamp:3)
  A sky beast (D:7)
  A black bear (Lair:3)
  2 ogres (Orc:2)
  4 wolves (Lair:1)
  A lemure (D:5)
  A phantom (D:7)
  5 kobold brigands (D:9)
  An earth elemental (Elf:2)
  2 bullfrogs
  2 gnoll sergeants
  A two-headed ogre simulacrum (D:13)
  A cane toad simulacrum (D:13)
  4 elf skeletons (D:4)
  5 wights
  2 killer bees (D:9)
  2 electric eels
  A howler monkey (D:12)
  2 crimson imps (D:9)
  An orc priest (Elf:1)
  4 jellies
  An iguana (D:4)
  8 orc wizards
  A spriggan simulacrum (D:13)
  9 gnolls
  2 adders
  A shadow imp (D:9)
  A white imp (D:6)
  A worm (D:3)
  28 orcs
  A ball python (D:4)
  2 endoplasms
  A giant cockroach (D:4)
  A gnoll zombie (Ossuary)
  A hobgoblin (Bailey)
  A jackal (D:5)
  12 kobolds
  5 goblins
  4 kobold zombies
  3 orc zombies
  4 briar patches (Swamp:3)
400 creatures vanquished.

Vanquished Creatures (others)
  76 eldritch tentacles
  A deep elf pyromancer (Elf:1)
  A deep elf zephyrmancer (Elf:2)
  An orc sorcerer (Swamp:4)
  3 bloated husks (Swamp:1)
  A vampire (D:12)
  A warg (Elf:1)
  A wolf (Lair:5)
  An orc wizard (D:8)
  An orc (Orc:1)
  2 bushes
  29 foxfires
  81 fungi
  120 plants
  14 withered plants (D:15)
333 creatures vanquished.

Grand Total: 2182 creatures vanquished

Notes
Turn   | Place    | Note
-------+----------+-------------------------------------------
     0 | D:1      | Flugkiller the Djinni Hedge Wizard began the quest for the
                  | Orb.
     0 | D:1      | Flugkiller set off with the following spells memorised:
                  | Magic Dart, Slow, Blink, Call Imp, Cigotuvi's Dreadful Rot,
                  | Mephitic Cloud.
     0 | D:1      | Reached XP level 1. HP: 15/15 MP: 0/0
   202 | D:1      | Reached XP level 2. HP: 7/21 MP: 0/0
   540 | D:1      | Reached skill level 3 in Spellcasting
   800 | D:1      | Reached XP level 3. HP: 17/25 MP: 0/0
   800 | D:1      | Learned a level 1 spell: Sting
  1263 | D:1      | Found a faded altar of an unknown god.
  1758 | D:2      | Found a shimmering altar of Xom.
  1862 | D:2      | Reached XP level 4. HP: 29/31 MP: 0/0
  2307 | D:3      | Noticed Robin
  2468 | D:2      | Killed Robin
  2641 | D:3      | Noticed Sigmund
  2663 | D:3      | Reached skill level 4 in Spellcasting
  2669 | D:3      | Killed Sigmund
  2670 | D:3      | Reached skill level 5 in Spellcasting
  2670 | D:3      | Reached XP level 5. HP: 12/35 MP: 0/0
  2670 | D:3      | Learned a level 2 spell: Scorch
  2670 | D:3      | Reached XP level 6. HP: 14/40 MP: 0/0
  2853 | D:3      | Found a glowing drain.
  2863 | Sewer    | Entered a sewer
  3523 | Sewer    | Reached skill level 1 in Fighting
  3523 | Sewer    | Reached XP level 7. HP: 34/47 MP: 0/0
  3523 | Sewer    | Learned a level 3 spell: Call Canine Familiar
  4255 | D:3      | Identified a scroll of acquirement
  4356 | D:3      | Found Deyppov's Magic Scroll Emporium.
  4367 | D:3      | Bought a scroll of fear for 56 gold pieces
  4688 | D:4      | Found a staircase to the Ecumenical Temple.
  4705 | Temple   | Entered the Ecumenical Temple
  4839 | D:4      | Reached skill level 6 in Spellcasting
  5051 | D:4      | Reached XP level 8. HP: 47/56 MP: 0/0
  5056 | D:4      | Found a sand-covered staircase.
  5181 | Ossuary  | Entered an ossuary
  5923 | Ossuary  | Reached skill level 7 in Spellcasting
  6716 | D:4      | Noticed Natasha
  6721 | D:4      | Killed Natasha
  7011 | D:4      | Reached XP level 9. HP: 59/62 MP: 0/0
  7011 | D:4      | Learned a level 4 spell: Ice Form
  7084 | D:4      | Noticed Natasha
  7091 | D:4      | Killed Natasha
  7138 | D:5      | Entered Level 5 of the Dungeon
  7139 | D:5      | Noticed Pikel
  7377 | D:5      | Reached skill level 8 in Spellcasting
  7751 | D:5      | Killed Pikel
  7752 | D:5      | Reached skill level 9 in Spellcasting
  9131 | D:6      | Reached XP level 10. HP: 46/69 MP: 0/0
  9265 | D:6      | Found a sacrificial altar of Ru.
  9339 | D:6      | Noticed a two-headed ogre
  9345 | D:6      | Reached skill level 5 in Fighting
  9417 | D:6      | Killed a two-headed ogre
  9418 | D:6      | Reached skill level 5 in Dodging
 10646 | D:7      | Found a hazy altar of Hepliaklqana.
 10737 | D:7      | Found a glowing silver altar of Zin.
 11215 | D:8      | Noticed Psyche
 11228 | D:8      | Killed Psyche
 11529 | D:8      | Killed an unseen horror
 11530 | D:8      | Reached XP level 11. HP: 33/81 MP: 0/0
 11530 | D:8      | Learned a level 5 spell: Lee's Rapid Deconstruction
 11855 | D:8      | Found the +3 pair of gauntlets of War {Slay+5}
 11860 | D:8      | Noticed a cyclops
 11864 | D:8      | Killed a cyclops
 11891 | D:8      | Noticed a deep elf pyromancer
 11933 | D:8      | Reached skill level 10 in Spellcasting
 12072 | D:8      | Killed a deep elf pyromancer
 12157 | D:8      | Acquired a staff of earth
 12543 | D:9      | Found a staircase to the Lair.
 12786 | D:9      | Noticed a two-headed ogre
 12790 | D:9      | Killed a two-headed ogre
 12826 | D:9      | Noticed Maggie
 12830 | D:9      | Killed Maggie
 12847 | D:9      | Noticed a two-headed ogre
 12852 | D:9      | Reached skill level 11 in Spellcasting
 12862 | D:9      | Killed a two-headed ogre
 13007 | D:9      | Found a flagged portal.
 13089 | Bailey   | Entered a bailey
 13568 | Bailey   | Identified the +1 robe of Joy {Int+2}
 13640 | Bailey   | Noticed an orc knight
 13651 | Bailey   | Killed an orc knight
 13836 | D:9      | Reached XP level 12. HP: 76/86 MP: 0/0
 13862 | D:9      | Reached skill level 12 in Spellcasting
 14097 | D:9      | Noticed a two-headed ogre
 14133 | D:9      | Killed a two-headed ogre
 14602 | D:9      | Found a bloodstained altar of Trog.
 14835 | D:9      | Found a white marble altar of Elyvilon.
 14922 | D:9      | Found a hide-covered altar of Uskayaw.
 14963 | D:9      | Noticed a two-headed ogre
 14974 | D:9      | Killed a two-headed ogre
 15019 | D:9      | Found a shadowy altar of Dithmenos.
 15211 | D:9      | Found a shimmering altar of Xom.
 15266 | D:9      | Became a worshipper of Uskayaw the Reveller
 15285 | D:10     | Entered Level 10 of the Dungeon
 15351 | D:10     | Noticed a centaur warrior
 15352 | D:10     | Reached * piety under Uskayaw
 15353 | D:10     | Killed a centaur warrior
 15353 | D:10     | Reached ** piety under Uskayaw
 15386 | D:10     | Noticed a centaur warrior
 15386 | D:10     | Noticed a centaur warrior
 15387 | D:10     | Noticed a boulder beetle
 15397 | D:10     | Noticed a death knight
 15397 | D:10     | Noticed a boulder beetle
 15488 | D:10     | Noticed Grum
 15509 | D:10     | Reached skill level 13 in Spellcasting
 15580 | D:10     | Killed Grum
 15581 | D:10     | Reached skill level 1 in Invocations
 15581 | D:10     | Reached skill level 1 in Evocations
 15673 | D:10     | Found a staircase to the Orcish Mines.
 15678 | D:10     | Reached *** piety under Uskayaw
 15688 | D:10     | Reached **** piety under Uskayaw
 15690 | D:10     | Reached ***** piety under Uskayaw
 15988 | D:10     | Noticed Sonja
 15990 | D:10     | Killed Sonja
 16394 | D:10     | Noticed a two-headed ogre
 16403 | D:10     | Killed a two-headed ogre
 16922 | D:11     | Reached XP level 13. HP: 51/92 MP: 0/0
 16922 | D:11     | Learned a level 5 spell: Yara's Violent Unravelling
 17109 | D:11     | You are sucked into a shaft and drop 1 floor!
 17138 | D:12     | Noticed Fannar
 17162 | D:12     | Killed Fannar
 17491 | D:12     | Reached skill level 5 in Invocations
 17491 | D:12     | Reached skill level 5 in Evocations
 18252 | Lair:1   | Entered Level 1 of the Lair of Beasts
 20318 | Lair:1   | Noticed an eight-headed hydra
 20324 | Lair:1   | Killed an eight-headed hydra
 20421 | Lair:1   | Noticed a five-headed hydra
 20428 | Lair:1   | Killed a five-headed hydra
 20634 | Lair:1   | Noticed a seven-headed hydra
 20637 | Lair:1   | Killed a seven-headed hydra
 21175 | D:10     | Killed a centaur warrior
 21179 | D:10     | Killed a centaur warrior
 21180 | D:10     | Reached skill level 14 in Spellcasting
 21180 | D:10     | Reached XP level 14. HP: 31/98 MP: 0/0
 22355 | D:10     | Identified the +6 dagger of Linearity {spect, rElec rPois
                  | rCorr Dex-5}
 22863 | Lair:2   | Noticed Erica
 22871 | Lair:2   | Killed Erica
 22974 | Lair:2   | Noticed Amaemon
 22978 | Lair:2   | Killed Amaemon
 23329 | Lair:2   | Reached skill level 15 in Spellcasting
 23332 | Lair:2   | Reached ****** piety under Uskayaw
 23620 | Lair:2   | Found a staircase to the Snake Pit.
 24028 | Lair:3   | Found a staircase to the Swamp.
 24095 | Lair:3   | Found the +7 lajatang of Order {silver, rMut}
 24246 | Lair:3   | Found a gate leading to a gauntlet.
 24255 | Gauntlet | Entered a Gauntlet
 24255 | Gauntlet | Found a transporter.
 24255 | Gauntlet | Found a transporter.
 24261 | Gauntlet | Found a transporter.
 24262 | Gauntlet | Found a runed translucent door.
 24263 | Gauntlet | Found a runed translucent door.
 24274 | Gauntlet | Found a transporter.
 24292 | Gauntlet | Found a transporter.
 24292 | Gauntlet | Found a transporter.
 24292 | Gauntlet | Found a transporter.
 24295 | Gauntlet | Found a transporter.
 24295 | Gauntlet | Found a transporter.
 24309 | Gauntlet | Found a transporter.
 24327 | Gauntlet | Found a transporter.
 24335 | Gauntlet | Found a runed translucent door.
 24337 | Gauntlet | Found a transporter.
 24339 | Gauntlet | Found a runed translucent door.
 24352 | Gauntlet | Found a transporter.
 24372 | Gauntlet | Found a transporter.
 24725 | Gauntlet | Identified the ring "Jiedepn" {*Corrode Str+6 Int+2 Stlth+}
 24746 | Gauntlet | Identified the ring "Ciusurche" {rN++ rCorr MP+9 Int+2
                  | Dex-2}
 24818 | Gauntlet | Identified the +10 spear of Red Wine {flame, rPois rN+
                  | rCorr Int+2}
 24818 | Gauntlet | Noticed a minotaur
 24831 | Gauntlet | Killed a minotaur
 24896 | Gauntlet | Identified the +8 dagger "Duil" {venom, rC+}
 25646 | Lair:3   | Noticed Nergalle
 25767 | Lair:3   | Reached skill level 16 in Spellcasting
 25783 | Lair:3   | Reached XP level 15. HP: 82/103 MP: 0/0
 25783 | Lair:3   | Learned a level 6 spell: Statue Form
 25894 | Lair:3   | Killed Nergalle
 26338 | Lair:4   | Found a staircase to the Slime Pits.
 26339 | Lair:4   | Found a viscous altar of Jiyva.
 26571 | Lair:4   | Found a transporter.
 26575 | Lair:4   | Found a transporter.
 26576 | Lair:4   | Noticed Atont's ghost (journeyman DDFi)
 26582 | Lair:4   | Found a bloodstained altar of Trog.
 27016 | Lair:5   | Entered Level 5 of the Lair of Beasts
 27518 | Lair:5   | Reached XP level 16. HP: 70/112 MP: 0/0
 27748 | Lair:5   | Reached skill level 10 in Dodging
 27939 | Lair:5   | Reached skill level 10 in Fighting
 28016 | Lair:5   | Reached skill level 10 in Invocations
 28771 | D:12     | Noticed Kirke
 28778 | D:12     | Killed Kirke
 29152 | D:12     | Noticed Nessos
 29161 | D:12     | Killed Nessos
 29372 | D:13     | Reached skill level 17 in Spellcasting
 29386 | D:13     | Found a frozen archway.
 29489 | IceCv    | Entered an ice cave
 29603 | IceCv    | Identified the +3 flail "Dragon's Demise" {protect, +Blink
                  | rPois}
 29856 | IceCv    | Reached XP level 17. HP: 113/121 MP: 0/0
 29856 | IceCv    | Learned a level 7 spell: Malign Gateway
 30007 | IceCv    | Identified the +7 eveningstar "Fenoxza" {elec, *Noise Dex+3
                  | SInv}
 30451 | D:12     | Gained mutation: You have a pair of small antennae on your
                  | head. [potion of mutation]
 30451 | D:12     | Gained mutation: You are partially covered in iridescent
                  | scales. (AC +2) [potion of mutation]
 30452 | D:12     | Lost mutation: You are partially covered in iridescent
                  | scales. (AC +2) [potion of mutation]
 30452 | D:12     | Lost mutation: You have a pair of small antennae on your
                  | head. [potion of mutation]
 30452 | D:12     | Gained mutation: Your body sometimes deteriorates upon
                  | taking damage. [potion of mutation]
 30452 | D:12     | Gained mutation: You have a pair of small horns on your
                  | head. [potion of mutation]
 30452 | D:12     | Gained mutation: Your spells are a little harder to cast,
                  | but a little more powerful. [potion of mutation]
 30614 | D:13     | Found a gate to the Vaults.
 30645 | D:13     | Found Lenkeydd's Antique Weapon Shop.
 31223 | D:14     | Identified the +0 chain mail "Koufalon" {Str+4 Stlth+}
 31228 | D:14     | Found a portal to a secret trove of treasure.
 32148 | D:14     | Noticed a juggernaut
 32157 | D:14     | Killed a juggernaut
 32620 | D:15     | Entered Level 15 of the Dungeon
 33320 | D:15     | Reached XP level 18. HP: 91/130 MP: 0/0
 33633 | D:15     | Reached skill level 18 in Spellcasting
 33762 | D:15     | Found a staircase to the Depths.
 34065 | Orc:1    | Entered Level 1 of the Orcish Mines
 34287 | Orc:2    | Entered Level 2 of the Orcish Mines
 34554 | Orc:2    | Found a staircase to the Elven Halls.
 34732 | Orc:2    | Found Ashro's Antique Weapon Shop.
 34771 | Orc:2    | Found Leraladu's Antique Armour Shop.
 35156 | Orc:2    | Found Huodalunn's General Store.
 35164 | Orc:2    | Bought a scroll of teleportation for 39 gold pieces
 35189 | Orc:2    | Found Pulecih's Jewellery Emporium.
 35398 | Orc:2    | Found a runed translucent gate.
 35398 | Orc:2    | Found a runed translucent gate.
 35399 | Orc:2    | Found a runed translucent gate.
 35443 | Orc:2    | Noticed Snorg
 35448 | Orc:2    | Killed Snorg
 35518 | Orc:2    | Noticed Amnesiac's ghost (journeyman MeEE)
 35519 | Orc:2    | Noticed Potemkin's ghost (journeyman DsCK)
 35600 | Orc:2    | Killed Amnesiac's ghost
 35606 | Orc:2    | Killed Potemkin's ghost
 35689 | Orc:2    | Bought the ring of the Hare {EV+8} for 1792 gold pieces
 35689 | Orc:2    | Found the ring of the Hare {EV+8}
 35689 | Orc:2    | Bought the ring "Azec" {rPois rF+ rC++ Str-4} for 603 gold
                  | pieces
 35838 | Snake:1  | Entered Level 1 of the Snake Pit
 35962 | Snake:1  | Reached skill level 1 in Unarmed Combat
 37309 | Snake:2  | Reached skill level 5 in Unarmed Combat
 37569 | Snake:2  | Identified the +0 robe of Zealous Creativity {Slay+3
                  | Archmagi}
 37726 | Snake:3  | Reached XP level 19. HP: 125/135 MP: 0/0
 37726 | Snake:3  | Learned a level 7 spell: Monstrous Menagerie
 39088 | Snake:4  | Entered Level 4 of the Snake Pit
 39114 | Snake:4  | Reached skill level 19 in Spellcasting
 39537 | Snake:4  | Noticed Aizul
 39547 | Snake:4  | Killed Aizul
 40155 | Snake:4  | Got a serpentine rune of Zot
 40409 | Swamp:1  | Entered Level 1 of the Swamp
 40528 | Swamp:1  | Noticed Frances
 40537 | Swamp:1  | Killed Frances
 40959 | Swamp:2  | Reached XP level 20. HP: 119/141 MP: 0/0
 40962 | Swamp:2  | Reached skill level 10 in Unarmed Combat
 42320 | Swamp:4  | Entered Level 4 of the Swamp
 42496 | Swamp:4  | Identified the +1 ring mail "Zeihics" {Int+2 Stlth+}
 42520 | Swamp:4  | Noticed Roxanne
 42535 | Swamp:4  | Killed Roxanne
 42730 | Swamp:4  | Reached skill level 20 in Spellcasting
 43173 | Swamp:4  | Got a decaying rune of Zot
 43536 | Elf:1    | Entered Level 1 of the Elven Halls
 44214 | Elf:1    | Reached XP level 21. HP: 97/147 MP: 0/0
 44214 | Elf:1    | Learned a level 7 spell: Dragon Form
 45138 | Elf:2    | Identified the +1 scale mail of the Hart {rElec Will-
                  | Str+7}
 45192 | Elf:2    | Found a runed translucent gate.
 45193 | Elf:2    | Found a runed translucent gate.
 45194 | Elf:2    | Found a runed translucent gate.
 45248 | Elf:1    | Found a shimmering altar of Xom.
 45288 | Elf:3    | Entered Level 3 of the Elven Halls
 45401 | Elf:3    | Found Ubennan's General Store.
 46064 | Elf:3    | Identified the amulet of Mooweama {RegenMP Regen+}
 46358 | Elf:3    | Noticed a Tzitzimitl
 46536 | Elf:3    | Identified the +4 trident "Gaunturhae" {vorpal, rF+ rC+
                  | rCorr Str+2}
 46678 | Elf:3    | Identified the quicksilver dragon scales of Levity {rN++
                  | Will+ Int+4}
 46832 | Elf:3    | Identified the +6 sling of Brawling {freeze, rC+ Dex+4}
 46900 | Elf:3    | Identified the +3 arbalest of Integrity {penet, rC- Int+2
                  | Dex+8}
 47110 | Elf:3    | Found the +9 scales of the Dragon King {rPois rF+ rC+
                  | Will+}
 47466 | Vaults:1 | Entered Level 1 of the Vaults
 47518 | Vaults:1 | Reached XP level 22. HP: 141/158 MP: 0/0
 47583 | Vaults:1 | Reached skill level 15 in Unarmed Combat
 47922 | Vaults:1 | Identified the +0 kite shield of the Blue Tick {rC+ SInv}
 47922 | Vaults:1 | Noticed Donald
 47928 | Vaults:1 | Killed Donald
 48386 | Vaults:1 | Reached skill level 15 in Fighting
 48870 | Vaults:2 | Found Kenud's Jewellery Shop.
 49067 | Vaults:2 | Found Nusylet's Weapon Boutique.
 49498 | Vaults:2 | Found Valuenan's Antique Armour Shoppe.
 49944 | Vaults:2 | Found Xenanwy's General Store.
 49949 | Vaults:2 | Identified the ring "Sextof" {rPois rF- MP+9 SInv}
 50127 | Vaults:3 | Found a staircase to the Crypt.
 50128 | Vaults:3 | Found a basalt altar of Yredelemnul.
 50178 | Vaults:3 | Identified the +8 spear "Toicubegh" {vorpal, Str+4}
 50530 | Vaults:3 | Reached skill level 21 in Spellcasting
 50586 | Vaults:3 | Noticed Frederick
 50596 | Vaults:3 | Killed Frederick
 50666 | Vaults:3 | You are sucked into a shaft and drop 1 floor!
 50680 | Vaults:4 | Reached XP level 23. HP: 121/166 MP: 0/0
 50680 | Vaults:4 | Learned a level 7 spell: Orb of Destruction
 50779 | Vaults:4 | Found Suxtomo's Armour Boutique.
 51418 | Vaults:3 | Found a gateway to a bazaar.
 51429 | Bazaar   | Entered a bazaar
 51441 | Bazaar   | Found Gosipheu's Weapon Shoppe.
 51477 | Bazaar   | Found Zuisch's Jewellery Shoppe.
 51507 | Bazaar   | Found Xiesm's Book Emporium.
 51525 | Bazaar   | Found Fionufil's Jewellery Shoppe.
 51917 | Vaults:4 | Reached skill level 22 in Spellcasting
 52778 | Vaults:5 | Entered Level 5 of the Vaults
 53113 | Depths:1 | Entered Level 1 of the Depths
 53169 | Depths:1 | Paralysed by a floating eye for 2 turns
 53171 | Depths:1 | Demolished by an ettin

Illustrated notes

Levels and vault maps discovered:
D:1:      heliophobic_arrival_battle_scene, layout_loops_ring,
          shapermc_ecumenical_altar_notcrosses, item_on_display_a
D:2:      layout_loops_ring, basic_altar
D:3:      layout_loops_ring, serial_shops,
          nicolae_shop_temple_entry_statues_fountains,
          cheibrodos_sewer_entry_bend, minmay_quantized, uniq_sigmund,
          uniq_robin
D:4:      layout_loops_ring, temple_pool_b, nicolae_ossuary_entry_catacombs,
          uniq_natasha
D:5:      layout_rooms, uniq_pikel
D:6:      layout_basic, mainiacjoe_overflow_alcove_2, minmay_chambers_of_fives
D:7:      layout_rooms, zin_scriptorium, worldfamousw_hep_ancestral_shrine,
          kennysheep_doodads
D:8:      gammafunk_indiana_jones, layout_loops_cross, minmay_diamond_spiral,
          uniq_psyche
D:9:      wander_kiku_kobolds, layout_basic,
          nzn_overflow_gifts_of_might_and_magic, led_xom_imps,
          kennysheep_little_box, nicolae_overflow_two_pavilions,
          elyvilon_altar_5, enter_bailey_5, uniq_maggie
D:10:     layout_roguey, kennysheep_mini_moat, david_orc_2, minivault_12,
          uniq_grum, uniq_sonja
D:11:     layout_basic
D:12:     layout_cave_pods, uniq_fannar, uniq_kirke, uniq_nessos
D:13:     layout_small_grid, grunt_vaults_entry_tiered,
          portal_ice_cave_entry_ice_simulacra, serial_shops,
          nicolae_lakefront_shop
D:14:     layout_stronghold, enter_trove_2, chequers_serial_rivers_small_a,
          serial_ice, serial_ice_h, serial_ice_k, serial_ice_c, serial_ice_m,
          serial_ice_d, serial_ice_o, dpeg_stationary_puzzle
D:15:     hangedman_depths_entry_civil_slaughter, layout_loops_corners,
          serial_park_tiny_1, serial_undead, serial_undead_f, serial_undead_f,
          serial_undead_e, serial_undead_e
Temple:   minmay_freezing_vapour_temple
Lair:1:   dreamdust_isle_of_ice, layout_hall_layers, minmay_shattered_shrine,
          serial_bayou_shore_b
Lair:2:   layout_long_grid, minmay_snake_entry_six_corridors, lemuel_fruit_tree,
          uniq_amaemon, uniq_erica
Lair:3:   layout_roguey, swamp_mist_pool, lightli_volcano_entry_magma_tube,
          gauntlet_entry_generic, nicolae_lair_lakeside_cave,
          grunt_megastairs_4, uniq_nergalle
Lair:4:   layout_loops_ring, minmay_slime_entry_jelly_boxes,
          gammafunk_ghost_wrathful_warriors, beast_lair_carwin_2
Lair:5:   hangedman_lair_tendril_chambers, layout_loops_ring,
          hangedman_lair_caniforms_friends, lemuel_fruit_fields,
          grunt_megastairs_5
Swamp:1:  layout_basic_swamp, evilmike_swamp_ruin_house_3, uniq_frances
Swamp:2:  layout_basic_swamp, nicolae_swamp_very_dense_foliage, swamp_pool3
Swamp:3:  layout_basic_swamp, evilmike_swamp_ruin_house_4, swamp_pool5
Swamp:4:  nzn_swamp_witches_coven, layout_basic_swamp, swamp_pool4,
          infiniplex_staircase_pool_2, uniq_roxanne
Snake:1:  layout_layer_cave
Snake:2:  layout_onion_interference
Snake:3:  layout_grid_shapes
Snake:4:  hellmonk_snake_rune_quicksilver_temple, layout_grid_maze,
          nicolae_snake_snake_lake, uniq_aizul
Orc:1:    layout_diamond_mine, mines2_david
Orc:2:    grunt_orc_gardens, layout_caves, grunt_orc_garden, grunt_orc_garden,
          grunt_orc_garden, grunt_orc_garden, gammafunk_ghost_cemetery,
          mines2_david, uniq_snorg
Elf:1:    minmay_elf_arrival_circle, layout_geoelf_grid,
          minmay_elf_annihilation, lemuel_upstairs_altar
Elf:2:    nicolae_elf_blades_splatter_lattice
          [nicolae_blade_entry_diamond_columns], layout_rooms,
          nicolae_elf_vaults_five_recruitment_drive, uniq_louise
Elf:3:    elf_hall_gauntlet_narrow, layout_geoelf_castle, serial_shops,
          shop_fountains, nicolae_elf_elemental_lessons
Vaults:1: nicolae_vaults_little_squares_4, vaults_room_pool,
          ontoclasm_vaults_ligature, special_room_vaults [special_room_orc],
          v_misc_28, vaults_dpeg_ring, dpeg_vaults_monster_row,
          vaults_standard_mumra_enter_the_diamond, nicolae_vaults_asterisk,
          layout_vaults_omnigrid, uniq_donald
Vaults:2: ontoclasm_vaults_ring_square, v_misc_15,
          nicolae_vaults_diagonal_hallway_8, v_misc_26,
          nicolae_vaults_three_branches, hangedman_vaults_impose, v_misc_4,
          layout_vaults_omnicross, serial_shops, nicolae_shop_window_shopping,
          nicolae_shop_waterfront, nicolae_shop_stone, shop
Vaults:3: minmay_crypt_entry_necro_gods, serial_ice_h, v_misc_24,
          ontoclasm_vaults_fault, vaults_mumra_hex, nicolae_vaults_alarming,
          hangedman_vaults_nails, grunt_vaults_hallway_short,
          nicolae_vaults_hallways_thing, hangedman_vaults_pinch, v_misc_27,
          nicolae_vaults_little_squares_6, vaults_room_stairs_pillars,
          layout_vaults_maze_bifur, serial_shops, freezing_bzr, uniq_frederick
Vaults:4: ontoclasm_vaults_twist, vaults_room_pool, v_misc_4,
          nicolae_vaults_network_square, grunt_vaults_twisty,
          grunt_vaults_funnel, vaults_room_stairs_pillars, v_pattern_2,
          hangedman_vaults_corner, nicolae_vaults_theta, vaults_dpeg_cross,
          layout_vaults_omnibox, serial_shops, nicolae_square_shop
Vaults:5
Depths:1: layout_forbidden_donut, chequers_serial_rivers_marsh, serial_shops,
          nicolae_shop_trees, hell_entry, nicolae_vehumet_radiance,
          grunt_megastairs_1

Skill      XL: |  1  2  3  4  5  6  7  8  9 10 11 12 13 14 15 16 17 18 19 20 21 22 23 |
---------------+----------------------------------------------------------------------+-----
Spellcasting   | 3 5 6 7 9 11 13 14 16 17 18 19 20 21 22 | 22.5
Fighting       | 1 3 4 7 8 9 11 12 14 15 | 15.0
Dodging        | 3 7 8 9 11 12 14 | 14.0
Invocations    | 4 8 9 10 12 14 | 14.0
Evocations     | 4 6 |  6.0
Unarmed Combat | 5 9 13 14 15 | 15.0
Stealth        | |  1.5

Action                   |  1- 3 |  4- 6 |  7- 9 | 10-12 | 13-15 | 16-18 | 19-21 | 22-24 || total
-------------------------+-------+-------+-------+-------+-------+-------+-------+-------++-------
Melee: Dagger            |     1 |     1 |   101 |   137 |       |       |       |       ||   240
       Punch             |       |       |     2 |     4 |     2 |     1 |       |       ||     9
       Staff             |       |       |       |    52 |   136 |    99 |    69 |    13 ||   369
       Lajatang          |       |       |       |       |     3 |       |       |       ||     3
       Headbutt          |       |       |       |       |       |    32 |    20 |    15 ||    67
       Unarmed           |       |       |       |       |       |    33 |     2 |    30 ||    65
       Tailslap          |       |       |       |       |       |       |       |     1 ||     1
       Bite              |       |       |       |       |       |       |       |     1 ||     1
Throw: Dart              |       |       |       |       |     7 |       |       |       ||     7
 Cast: Magic Dart        |    75 |    33 |       |       |       |     4 |       |       ||   112
       Sting             |       |    88 |   121 |    66 |    30 |       |       |       ||   305
       Mephitic Cloud    |       |     4 |       |     5 |     6 |     2 |       |     1 ||    18
       Call Canine Famil |       |       |    34 |    50 |    25 |     7 |       |       ||   116
       Scorch            |       |       |    85 |     5 |    11 |       |       |       ||   101
       Blink             |       |       |     1 |     3 |     5 |     1 |       |       ||    10
       Lee's Rapid Decon |       |       |       |   135 |   350 |   448 |   293 |   310 ||  1536
       Slow              |       |       |       |       |     3 |       |       |       ||     3
       Statue Form       |       |       |       |       |    14 |    25 |    38 |     7 ||    84
       Yara's Violent Un |       |       |       |       |     1 |       |       |       ||     1
       Malign Gateway    |       |       |       |       |       |    36 |    28 |    12 ||    76
       Monstrous Menager |       |       |       |       |       |       |   149 |     6 ||   155
       Dragon Form       |       |       |       |       |       |       |       |     2 ||     2
       Orb of Destructio |       |       |       |       |       |       |       |     2 ||     2
Invok: Grand Finale      |       |       |       |       |     1 |       |       |       ||     1
       Line Pass         |       |       |       |       |       |       |       |     1 ||     1
 Abil: End Transformatio |       |       |       |       |       |     1 |       |     3 ||     4
Evoke: Wand              |       |       |     1 |     4 |    12 |     1 |       |     2 ||    20
       Condenser vane    |       |       |       |     1 |     1 |       |       |       ||     2
       Tin of tremorston |       |       |       |       |     3 |     1 |       |       ||     4
  Use: Scroll            |       |     6 |     9 |    10 |     8 |     1 |     1 |     1 ||    36
       Potion            |       |       |     1 |     2 |     6 |     2 |     1 |     1 ||    13
 Stab: Distracted        |       |       |     2 |       |     1 |       |     6 |       ||     9
       Sleeping          |       |       |     1 |       |       |       |       |       ||     1
       Confused          |       |       |       |       |     3 |     3 |     1 |       ||     7
       Paralysed         |       |       |       |       |    10 |     8 |     2 |     2 ||    22
Armor: Robe              |     1 |    10 |    55 |    95 |    65 |    40 |       |       ||   266
       Skin              |       |       |       |       |   244 |   156 |   139 |    53 ||   592
       Troll leather arm |       |       |       |       |       |    12 |    34 |    14 ||    60
Dodge: Dodged            |     4 |    35 |   134 |   241 |   464 |   591 |   483 |   212 ||  2164
Block: Buckler           |       |       |       |       |       |   102 |    89 |    45 ||   236

Table legend: (Time is in decaauts)
 A = Elapsed time spent in this place.
 B = Non-inter-level travel time spent in this place.
 C = Inter-level travel time spent in this place.
 D = Time resting spent in this place.
 E = Time spent auto-exploring this place.
 F = Levels seen in this place.
 G = Mean time per level.
                   A        B        C        D        E       F      G
               +--------+--------+--------+--------+--------+-----+--------+
         Total |  55569 |  52269 |   3300 |  17949 |  22773 |  46 | 1208.0 |
       Dungeon |  22461 |  20694 |   1767 |   8659 |   8178 |  15 | 1497.4 |
        Temple |      1 |      1 |      0 |      0 |      0 |   1 |    1.0 |
          Lair |   8699 |   8320 |    379 |   3130 |   3482 |   5 | 1739.8 |
         Swamp |   3625 |   3474 |    151 |    535 |   1758 |   4 |  906.2 |
     Snake Pit |   4839 |   4588 |    251 |    935 |   2580 |   4 | 1209.8 |
  Orcish Mines |   1880 |   1671 |    209 |    231 |    816 |   2 |  940.0 |
   Elven Halls |   3973 |   3784 |    189 |   1289 |   1705 |   3 | 1324.3 |
        Vaults |   5539 |   5189 |    350 |   1019 |   3115 |   5 | 1107.8 |
        Depths |     69 |     69 |      0 |      0 |      0 |   1 |   69.0 |
        Bazaar |    129 |    129 |      0 |      0 |    123 |   1 |  129.0 |
         Sewer |   1183 |   1183 |      0 |    624 |    322 |   1 | 1183.0 |
       Ossuary |    916 |    916 |      0 |    737 |     69 |   1 |  916.0 |
        Bailey |    652 |    652 |      0 |    309 |    130 |   1 |  652.0 |
      Ice Cave |    948 |    948 |      0 |    172 |    361 |   1 |  948.0 |
      Gauntlet |    647 |    647 |      0 |    309 |    132 |   1 |  647.0 |
               +--------+--------+--------+--------+--------+-----+--------+

Top non-repeatable levels by time:
  Lair:1: 2796 daAuts
    D:10: 2669 daAuts
   Elf:3: 2041 daAuts
     D:9: 2025 daAuts
     D:8: 1986 daAuts
     D:4: 1825 daAuts
    D:14: 1724 daAuts
  Lair:5: 1686 daAuts
  Lair:2: 1579 daAuts
     D:5: 1553 daAuts
   Orc:2: 1542 daAuts
  Lair:3: 1517 daAuts
Vaults:1: 1481 daAuts
     D:1: 1449 daAuts
Vaults:3: 1432 daAuts
